 Dungeon Crawl Stone Soup version 0.17.1-3-g152610e (webtiles) character file.

32 KarvaRausku the Cudgeler (level 3, 0/29 HPs)
             Began as a Minotaur Wizard on Mar 5, 2016.
             Slain by Terence
             ... wielding a +4 vampiric trident
              (9 damage)
             ... on level 2 of the Dungeon.
             The game lasted 00:02:37 (1332 turns).

KarvaRausku the Cudgeler (Minotaur Wizard)          Turns: 1332, Time: 00:02:38

Health: 0/29       AC:  3    Str: 12    XL:     3   Next: 8%
Magic:  2/5        EV: 11    Int: 15    God:
Gold:   53         SH:  0    Dex:  8    Spells: 2 memorised, 3 levels left

rFire  . . .     SeeInvis .     e - +0 club
rCold  . . .     Clarity  .     f - +0 leather armour
rNeg   . . .     SustAt   .     (no shield)
rPois  .         Gourm    .     b - +0 hat
rElec  .         Spirit   .     (no cloak)
rCorr  .         Warding  .     (no gloves)
rMut   .         Stasis   .     (no boots)
MR     .....                    (no amulet)
Stlth  +.........               (no ring)
                                (no ring)

@: not resistant to hostile enchantments, very unstealthy
A: retaliatory headbutt, horns 2
a: no special abilities


You were on level 2 of the Dungeon.
You were not hungry.

You visited 1 branch of the dungeon, and saw 2 of its levels.

You collected 53 gold pieces.

Inventory:

Hand Weapons
 e - a +0 club (weapon)
Armour
 a - a +0 robe
 b - a +0 hat (worn)
 f - a +0 leather armour (worn)
Scrolls
 g - a scroll of identify {unknown}
 h - a scroll of immolation {unknown}
 k - 3 scrolls of noise {unknown}
 l - a scroll of amnesia {unknown}
Potions
 m - a potion of magic {unknown}
Books
 c - a book of Minor Magic

   Spells                             Type                      Level
   a - Magic Dart                     Conjuration                  1
   b - Blink                          Translocation                2
   c - Call Imp                       Summoning                    2
   d - Repel Missiles                 Charms/Air                   2
   e - Slow                           Hexes                        2
   f - Conjure Flame                  Conjuration/Fire             3
   g - Mephitic Cloud                 Conjuration/Poison/Air       3
Comestibles
 d - a bread ration
 i - a chunk of flesh
 j - a meat ration


   Skills:
 + Level 1.9 Fighting
 + Level 2.4 Maces & Flails
 - Level 2.1 Dodging
 - Level 1.5 Stealth
 - Level 2.2 Spellcasting
 - Level 0.7 Conjurations
   Level 0.6 Summonings
 - Level 0.6 Translocations


You had 3 spell levels left.
You knew the following spells:

 Your Spells              Type           Power        Failure   Level  Hunger
a - Magic Dart            Conj           #...         24%         1    #......
b - Blink                 Tloc           N/A          34%         2    ###....


Dungeon Overview and Level Annotations

Branches:
Dungeon (2/15)

Altars:

Annotations:
D:2 Terence


Innate Abilities, Weirdness & Mutations

You reflexively headbutt those who attack you in melee.
You have a pair of horns on your head.


Message History

You hit Terence. You headbutt Terence, but do no damage.
Terence is heavily wounded.
Terence hits you with a vampiric trident!
You hit Terence but do no damage.
Terence is heavily wounded.
Terence barely misses you.
You hit Terence but do no damage.
Terence is heavily wounded.
Terence closely misses you.
You hit Terence but do no damage.
Terence is heavily wounded.
Terence misses you.
You completely miss Terence. You headbutt Terence.
Terence is almost dead.
Terence hits you with a vampiric trident.
Terence draws strength from your injuries!
You barely miss Terence. Your headbutt misses Terence.
Terence is severely wounded.
Terence hits you with a vampiric trident!
You die...

#..............#
#..............#
##............##
##.............
######.######.
#.# ## ######.#
##..#......#
#....@###...#
#.....@# ##..#
#.....(. .....
##....#.. #..###
##..# .......
### #.......
.....#.# . .....
.# .


You could see Terence.

Vanquished Creatures
  An adder (D:2)
  A worm (D:2)
  A giant gecko (D:1)
  3 goblins (D:1)
  5 hobgoblins
  4 kobolds (D:1)
  2 bats
  A giant newt (D:1)
  A rat (D:1)
19 creatures vanquished.

Notes
Turn   | Place    | Note
--------------------------------------------------------------
     0 | D:1      | KarvaRausku the Minotaur Wizard began the quest for the Orb.
     0 | D:1      | Reached XP level 1. HP: 14/14 MP: 2/2
   213 | D:1      | Reached skill level 1 in Maces & Flails
   241 | D:1      | Reached skill level 1 in Fighting
   262 | D:1      | Reached XP level 2. HP: 8/23 MP: 2/4
   798 | D:1      | Learned a level 2 spell: Blink
   930 | D:2      | HP: 1/23 [worm (4)]
  1285 | D:2      | Reached XP level 3. HP: 25/29 MP: 3/5
  1316 | D:2      | Noticed Terence
  1332 | D:2      | Slain by Terence

Action                   || total
-------------------------++-------
Melee: Club              ||    70
 Cast: Magic Dart        ||    24
  Eat: Beef jerky        ||     1
